 Dungeon Crawl Stone Soup version 0.21-a0-552-g593960d (webtiles) character file.

3 tidbits the Skirmisher (level 1, -3/20 HPs)
             Began as a Gnoll Wanderer on Dec 17, 2017.
             Killed from afar by Natasha (8 damage)
             ... with a magic dart
             ... on level 2 of the Dungeon.
             The game lasted 00:01:25 (97 turns).

tidbits the Skirmisher (Gnoll Wanderer)               Turns: 97, Time: 00:01:27

Health: -3/20      AC:  4    Str: 14    XL:     1   Next: 50%
Magic:  2/4        EV: 12    Int: 12    God:
Gold:   12         SH:  0    Dex: 16    Spells: 4/5 levels left

rFire    . . .     SeeInvis .   e - +0 dagger
rCold    . . .     Gourm    .   (no shield)
rNeg     . . .     Faith    .   a - +0 leather armour
rPois    .         Spirit   .   (no helmet)
rElec    .         Reflect  .   (no cloak)
rCorr    .         Harm     .   h - +0 pair of gloves (curse)
MR       .....                  (no boots)
Stlth    ++........             (no amulet)
HPRegen  0.06/turn              (no ring)
MPRegen  0.09/turn              (no ring)

@: about to teleport, slowed, very slow
A: distributed training, fangs 1, strong nose
a: no special abilities


You were on level 2 of the Dungeon.
You were not hungry.

You visited 1 branch of the dungeon, and saw 3 of its levels.

You collected 12 gold pieces.

Inventory:

Hand Weapons
 e - a +0 dagger (weapon)
 g - a +0 whip
Missiles
 b - 4 throwing nets (quivered) {!f}
Armour
 a - a +0 leather armour (worn)
 h - a cursed +0 pair of gloves (worn)
Scrolls
 d - a scroll of teleportation
Books
 c - the Disquisition on Augmentations

   Spells                             Type                      Level
   a - Infusion                       Charms                       1
   b - Spectral Weapon                Hexes/Charms                 3
Comestibles
 f - a bread ration


   Skills:
 + Level 4.4 Fighting
 + Level 0.0 Short Blades
 + Level 0.0 Long Blades
 + Level 0.0 Axes
 + Level 0.0 Maces & Flails
 + Level 0.0 Polearms
 + Level 0.0 Staves
 + Level 0.0 Slings
 + Level 0.0 Bows
 + Level 0.0 Crossbows
 + Level 0.0 Throwing
 + Level 0.0 Armour
 + Level 2.3 Dodging
 + Level 2.1 Stealth
 + Level 0.0 Shields
 + Level 0.0 Unarmed Combat
 + Level 2.6 Spellcasting
 + Level 3.6 Conjurations
 + Level 0.0 Hexes
 + Level 0.0 Charms
 + Level 0.0 Summonings
 + Level 0.0 Necromancy
 + Level 0.0 Translocations
 + Level 0.0 Transmutations
 + Level 3.6 Fire Magic
 + Level 0.0 Ice Magic
 + Level 0.0 Air Magic
 + Level 0.0 Earth Magic
 + Level 0.0 Poison Magic
 + Level 0.1 Invocations
 + Level 2.3 Evocations


You had 4 spell levels left.
You knew the following spells:

 Your Spells              Type           Power        Failure   Level  Hunger
i - Infusion              Chrm           #...         32%         1    #......


Dungeon Overview and Level Annotations

Branches:
Dungeon (3/15)

Altars:

Annotations:
D:2 Natasha


Innate Abilities, Weirdness & Mutations

Your experience applies equally to all skills.
You have very sharp teeth.
Your uncanny sense of smell can sniff out nearby items.


Message History

You hit the bat.
You kill the bat!
A giant cockroach comes into view.
The kobold shouts!
Found a pair of gloves.
The giant cockroach waves its antennae.
You see here a scroll of teleportation.
Casting: Infusion
Confirm with . or Enter, or press ? or * to list all spells.
You begin infusing your attacks with magical energy.
The giant cockroach closely misses you.
You hit the giant cockroach but do no damage.
The giant cockroach bites you but does no damage.
You hit the giant cockroach.
You bite the giant cockroach, but do no damage.
The giant cockroach is heavily wounded.
The giant cockroach barely misses you. The kobold misses you.
Your magical infusion is running out.
The giant cockroach barely misses you.
You hit the giant cockroach but do no damage.
The giant cockroach is heavily wounded.
The giant cockroach bites you. The giant cockroach misses you.
The kobold hits you but does no damage.
You hit the giant cockroach.
You kill the giant cockroach!
The kobold misses you.
You completely miss the kobold. You hit the kobold.
The kobold is heavily wounded.
The kobold hits you with a club.
You closely miss the kobold.
The kobold is heavily wounded.
You are no longer magically infusing your attacks.
The kobold hits you with a club.
You hit the kobold.
You kill the kobold!
You see here a club.
d - 2 scrolls of teleportation (gained 1)
You see here a club.
There is a stone staircase leading down here.
You climb downwards.
A kobold comes into view. It is wielding a dagger.
Found 13 gold pieces, a leather armour and a club.
There is a stone staircase leading up here.
You climb upwards.
There is a stone staircase leading down here.
You see here a pair of gloves.
h - a pair of gloves Wear which item? (? for menu, Esc to quit)
You start putting on your armour.
You continue putting on your pair of gloves. x4
You finish putting on your cursed +0 pair of gloves.
Oops, that feels deathly cold.
Found 12 gold pieces.
You now have 12 gold pieces.
A worm comes into view.
Found a stone staircase leading down.
Casting: Infusion
Confirm with . or Enter, or press ? or * to list all spells.
You begin infusing your attacks with magical energy.
You hit the worm.
The worm is lightly wounded.
You barely miss the worm.
The worm is lightly wounded.
The worm bites you!
You hit the worm.
The worm is heavily wounded.
Your magical infusion is running out.
You hit the worm.
The worm is severely wounded.
The worm completely misses you.
You barely miss the worm.
The worm is heavily wounded.
You hit the worm. You bite the worm, but do no damage.
The worm is severely wounded.
The worm completely misses you.
You completely miss the worm.
The worm is heavily wounded.
The worm bites you!
* * * LOW HITPOINT WARNING * * *
You are no longer magically infusing your attacks.
You aren't carrying any items that you can evoke.
Unknown command.
You aren't carrying any potions.
Unknown command.
Okay, then.
Natasha, Servant of Life and Death comes into view.
Natasha hisses angrily.
Natasha casts a spell at you.
You feel yourself slow down.
Found two stone staircases leading up.
You aren't carrying any potions.
Unknown command.
You aren't carrying any potions.
Unknown command.
As you read the scroll of teleportation, it crumbles to dust.
You feel strangely unstable. Natasha casts a spell at you.
The magic dart hits you!
You die...

.<# #. ... ##.# h.#
##..# #..###
#####...## #..h.
........## #..#
##.......####..#
#..........@...#
#######.......####.##
.<.......>...#####.#
.....####...###.##.#
.###..)..........#.#
# #..########..w..#
#..# #..#### #...
#..# ##..# #..#


You could see Natasha.

Vanquished Creatures
  A giant cockroach (D:2)
  A kobold (D:2)
  A bat (D:2)
3 creatures vanquished.

Notes
Turn   | Place    | Note
-------+----------+-------------------------------------------
     0 | D:1      | tidbits the Gnoll Wanderer began the quest for the Orb.
     0 | D:1      | tidbits set off with: a +0 leather armour, 4 throwing nets {!f}, the Disquisition on Augmentations, a scroll of teleportation, a +0 dagger, a bread ration
     0 | D:1      | Reached XP level 1. HP: 20/20 MP: 4/4
     0 | D:1      | Identified the Disquisition on Augmentations
     2 | D:1      | Learned a level 1 spell: Infusion
    95 | D:2      | Noticed Natasha
    97 | D:2      | Killed from afar by Natasha

Vault maps used:
D:1:      saegor_arrival_under_anarchy, minivault_26, bh_walls_and_bars
D:2:      uniq_natasha
D:3:      minmay_misc_feat_rugged

Action                   || total
-------------------------++-------
Melee: Dagger            ||    16
       Bite              ||     2
 Cast: Infusion          ||     2
  Use: Scroll            ||     1
 Stab: Sleeping          ||     1
Armor: Leather armour    ||     1
Dodge: Dodged            ||     8

Table legend:
 A = Spawn XP
 B = Non-spawn XP
 C = Spawn XP percentage of total XP
 D = Spawn monster count
 E = Non-spawn monster count
 F = Spawn count percentage of total count
 G = Total turns spent on level
                    A         B        C        D         E        F      G
               +---------+---------+-------+---------+---------+-------+---------
         Total |       0 |       5 |   0.0 |       0 |       3 |   0.0 |    97
               +---------+---------+-------+---------+---------+-------+---------
           D:2 |       0 |       5 |   0.0 |       0 |       3 |   0.0 |    69
               +---------+---------+-------+---------+---------+-------+---------

Table legend:
 A = Turns spent in this place as a percentage of turns spent in the entire game.
 B = Non-inter-level travel turns spent in this place as a percentage of non-inter-level travel turns spent in the entire game.
 C = Inter-level travel turns spent in this place as a percentage of turns spent in this place.
 D = Turns resting spent in this place as a percentage of non-inter-level travel turns spent in this place.
 E = Turns spent auto-exploring this place as a percentage of non-inter-level travel turns spent in this place.
 F = Non-inter-level travel turns spent in this place divided by the number of levels of this place that you've seen.
                   A       B       C       D       E      F
               +-------+-------+-------+-------+-------+----------------------
         Total | 100.0 | 100.0 |   0.0 |   0.0 |   0.0 |  32.3
       Dungeon | 100.0 | 100.0 |   0.0 |   0.0 |   0.0 |  32.3
               +-------+-------+-------+-------+-------+----------------------

Table legend:
 A = Kills in this place as a percentage of kills in entire the game.
 B = Kills by you in this place as a percentage of kills by you in the entire game.
 C = Kills by friends in this place as a percentage of kills by friends in the entire game.
 D = Other kills in this place as a percentage of other kills in the entire game.
 E = Experience gained in this place as a percentage of experience gained in the entire game.
 F = Experience gained in this place divided by the number of levels of this place that you have seen.
                   A       B       C       D       E      F
               +-------+-------+-------+-------+-------+----------------------
         Total | 100.0 | 100.0 |   N/A |   N/A | 100.0 |   1.7
       Dungeon | 100.0 | 100.0 |   N/A |   N/A | 100.0 |   1.7
               +-------+-------+-------+-------+-------+----------------------

Vault maps used:
D:1:      saegor_arrival_under_anarchy, minivault_26, bh_walls_and_bars
D:2:      uniq_natasha
D:3:      minmay_misc_feat_rugged
